 Dungeon Crawl Stone Soup version 0.22-a0-354-g30dfbe6 (webtiles) character file.

595 Amnesiac the Grave Robber (level 7, -4/52 HPs)
             Began as a Mummy Necromancer on Apr 16, 2018.
             Slain by Blork the orc
             ... wielding a +2 scimitar of protection
              (6 damage)
             ... on level 4 of the Dungeon.
             The game lasted 00:06:45 (4161 turns).

Amnesiac the Grave Robber (Mummy Necromancer)       Turns: 4161, Time: 00:06:46

Health: -4/52      AC:  3    Str: 11    XL:     7   Next: 16%
Magic:  0/14       EV: 13    Int: 16    God:
Gold:   379        SH:  0    Dex: 13    Spells: 8/15 levels left

rFire    . . .     SeeInvis .   i - +2 war axe (elec)
rCold    + . .     Gourm    .   (no shield)
rNeg     + + +     Faith    .   e - +0 leather armour {rF+}
rPois    ∞         Spirit   .   (no helmet)
rElec    .         Reflect  .   (no cloak)
rCorr    .         Harm     .   (no gloves)
MR       .....                  (no boots)
Stlth    ++........             (no amulet)
HPRegen  0.17/turn              (no ring)
MPRegen  0.14/turn              (no ring)

@: no status effects
A: no food or potions, fire vulnerability, cold resistance 1, negative energy
resistance 3, torment resistance, unbreathing
a: no special abilities


You were on level 4 of the Dungeon.
You were not hungry.

You visited 1 branch of the dungeon, and saw 4 of its levels.
You also visited: Ossuary.

You collected 379 gold pieces.

Inventory:

Hand Weapons
 i - a +2 war axe of electrocution (weapon)
Armour
 e - a +0 leather armour of fire resistance (worn)
Magical Staves
 g - an uncursed staff of fire
Wands
 d - a wand of disintegration (11)
 h - a wand of polymorph (10)
Scrolls
 a - a scroll of amnesia {!r}
 b - 5 scrolls of magic mapping {!r}
 c - 2 scrolls of teleportation {!r}
 f - 6 scrolls of identify {!r}
 j - a scroll of enchant weapon {!r, unknown}
 k - 2 scrolls of remove curse {!r, unknown}


   Skills:
 + Level 3.1 Fighting
 * Level 4.4 Dodging
 - Level 1.5 Stealth
 + Level 4.9 Spellcasting
 - Level 5.0 Necromancy


You had 8 spell levels left.
You knew the following spells:

 Your Spells              Type           Power        Failure   Level  Hunger
a - Pain                  Necr           ###.         2%          1    N/A
b - Apportation           Tloc           #.....       21%         1    N/A
c - Summon Small Mammal   Summ           #...         21%         1    N/A
d - Vampiric Draining     Necr           ###.......   8%          3    N/A
z - Confusing Touch       Hex            #.....       21%         1    N/A

Dungeon Overview and Level Annotations

Branches:
Dungeon (4/15)
 Temple: D:4-7

Altars:
Fedhas
Yredelemnul

Shops:
D:4 [

Annotations:
D:4 Blork the orc


Innate Abilities, Weirdness & Mutations

You do not eat or drink.
Your flesh is vulnerable to fire.
You are immune to poison.
Your flesh is cold resistant. (rC+)
You are immune to negative energy. (rN+++)
You are immune to unholy pain and torment.
You can survive without breathing.


Message History

Press: ? - help, Shift-Dir - straight line, f - Blork the orc
Aim: Blork the orc, wielding a scimitar of protection and wearing an embroidered robe Blork the orc is moderately wounded.
You feel life coursing into your body.
Blork the orc hits you with a scimitar of protection!
Casting: Vampiric Draining (safe; 8% risk of failure)
Confirm with . or Enter, or press ? or * to list all spells.
Aiming: Vampiric Draining (safe; 8% risk of failure)
Press: ? - help, Shift-Dir - straight line, f/p - Blork the orc
Aim: Blork the orc, wielding a scimitar of protection and wearing an embroidered robe (moderately wounded) Blork the orc is heavily wounded.
You feel life coursing into your body.
Blork the orc gestures at you while chanting.
The magic dart hits you!
* * * LOW HITPOINT WARNING * * *
Casting: Vampiric Draining (safe; 8% risk of failure)
Confirm with . or Enter, or press ? or * to list all spells.
Aiming: Vampiric Draining (safe; 8% risk of failure)
Press: ? - help, Shift-Dir - straight line, f/p - Blork the orc
Aim: Blork the orc, wielding a scimitar of protection and wearing an embroidered robe (heavily wounded) Blork the orc is heavily wounded.
You feel life coursing into your body.
Blork the orc hits you but does no damage.
Casting: Vampiric Draining (safe; 8% risk of failure)
Confirm with . or Enter, or press ? or * to list all spells.
Aiming: Vampiric Draining (safe; 8% risk of failure)
Press: ? - help, Shift-Dir - straight line, f/p - Blork the orc
Aim: Blork the orc, wielding a scimitar of protection and wearing an embroidered robe (heavily wounded) Blork the orc is severely wounded.
You feel life coursing into your body. Blork the orc closely misses you.
Casting: Vampiric Draining (safe; 8% risk of failure)
Confirm with . or Enter, or press ? or * to list all spells.
You don't have enough magic to cast that spell.
Casting: Vampiric Draining (safe; 8% risk of failure)
Confirm with . or Enter, or press ? or * to list all spells.
You don't have enough magic to cast that spell.
You hit Blork the orc but do no damage.
Blork the orc is severely wounded.
Blork the orc hits you with a scimitar of protection!
* * * LOW HITPOINT WARNING * * *
You barely miss Blork the orc.
Blork the orc is severely wounded.
Blork the orc points at you and mumbles some strange words.
The magic dart hits you!
* * * LOW HITPOINT WARNING * * *
Casting: Vampiric Draining (safe; 8% risk of failure)
Confirm with . or Enter, or press ? or * to list all spells.
Aiming: Vampiric Draining (safe; 8% risk of failure)
Press: ? - help, Shift-Dir - straight line, f/p - Blork the orc
Aim: Blork the orc, wielding a scimitar of protection and wearing an embroidered robe (severely wounded) Blork the orc is almost dead.
You feel life coursing into your body.
Blork the orc hits you with a scimitar of protection!
* * * LOW HITPOINT WARNING * * *
You hit Blork the orc but do no damage.
Blork the orc is almost dead.
Blork the orc hits you but does no damage.
You hit Blork the orc.
Blork the orc is almost dead.
Blork the orc casts a spell at you. The puff of flame hits you!
* * * LOW HITPOINT WARNING * * *
Blork the orc hits you with a scimitar of protection.
You die...

#+# ### #.. #.#
.$...#..###.###
.....#..+.....+
.............###.### .#
...o..........#@# ...#
##..S# #......#o#....#
.....####.............$.
..8..∩..8...........##..
#...####...........#
#...# #...........#
##...#####'##########
.....S..##.#
.......S...#


You could see Blork the orc.

Vanquished Creatures
  The ghost of Galewind the Cutter, an amateur DEFi (D:4)
  An orc priest (D:3)
  3 orc wizards (D:3)
  Ijyb (D:3)
  2 worker ants (D:4)
  A big kobold zombie (Ossuary)
  8 mummies (Ossuary)
  9 adders
  3 oozes
  2 worms (D:2)
  4 dart slugs
  A leopard gecko (D:4)
  21 orcs (D:3)
  3 giant cockroaches
  5 goblins
  5 hobgoblins
  4 quokkas
  9 bats
  3 frilled lizards (D:1)
  2 hobgoblin zombies (Ossuary)
  12 kobolds
  2 kobold zombies (Ossuary)
  3 orc zombies (Ossuary)
  7 rats
112 creatures vanquished.

Notes
Turn   | Place    | Note
-------+----------+-------------------------------------------
     0 | D:1      | Amnesiac the Mummy Necromancer began the quest for the Orb.
     0 | D:1      | Reached XP level 1. HP: 13/13 MP: 4/4
   193 | D:1      | Reached XP level 2. HP: 17/19 MP: 0/5
   819 | D:1      | Reached XP level 3. HP: 23/25 MP: 2/7
   824 | D:1      | Learned a level 3 spell: Vampiric Draining
   944 | D:2      | Found a faded altar of an unknown god.
  1008 | D:2      | Reached skill level 1 in Fighting
  1760 | D:2      | Learned a level 1 spell: Apportation
  1762 | D:2      | Learned a level 1 spell: Confusing Touch
  1804 | D:2      | Found a blossoming altar of Fedhas.
  1807 | D:2      | Reached XP level 4. HP: 32/32 MP: 4/8
  1843 | D:2      | Learned a level 1 spell: Summon Small Mammal
  2861 | D:3      | Reached XP level 5. HP: 37/37 MP: 7/10
  2894 | D:3      | Found a basalt altar of Yredelemnul.
  2922 | D:3      | Reached skill level 5 in Necromancy
  3448 | D:3      | Reached XP level 6. HP: 28/44 MP: 10/12
  3472 | D:3      | Noticed Ijyb
  3514 | D:3      | Killed Ijyb
  3788 | D:4      | Noticed Galewind's ghost (amateur DEFi)
  3799 | D:4      | Killed Galewind's ghost
  3898 | D:4      | Found Muz Ydett's Armour Emporium.
  3902 | D:4      | Noticed Blork the orc
  3916 | D:4      | Found a sand-covered staircase.
  3924 | Ossuary  | Entered an ossuary
  3958 | Ossuary  | Reached XP level 7. HP: 52/52 MP: 11/14
  4161 | D:4      | HP: 2/52 [Blork the orc/puff of flame (8)]
  4161 | D:4      | Slain by Blork the orc

Vault maps used:
D:1:      tarquinn_simple_flora_water_d, minmay_box_of_dots
D:2:      wad_crossroads, chequers_ecumenical_altar_simple, first_ration,
          fedhas_altar_2
D:3:      lemuel_coloured_pillars_altar, minmay_checkerbox, uniq_ijyb
D:4:      serial_shops, shop_statue, nicolae_ossuary_entry_plus,
          roderic_lattice_a, uniq_natasha, uniq_blork_the_orc, uniq_menkaure
Ossuary:  ossuary_tomb_3

Skill      XL: |  1  2  3  4  5  6 |
---------------+-------------------+-----
Dodging        | 2 3 4 |  4.4
Spellcasting   | 3 4 |  4.9
Fighting       | 1 2 3 |  3.1
Necromancy     | 5 |  5.0
Stealth        | |  1.5

Action                   |  1- 3 |  4- 6 |  7- 9 || total
-------------------------+-------+-------+-------++-------
Melee: Short sword       |     2 |       |       ||     2
       Staff             |     7 |    14 |       ||    21
       War axe           |       |    74 |    30 ||   104
 Cast: Pain              |    80 |    74 |       ||   154
       Vampiric Draining |       |     9 |     5 ||    14
Evoke: Wand              |       |     1 |       ||     1
  Use: Scroll            |       |     4 |       ||     4
 Stab: Sleeping          |       |     3 |       ||     3
Armor: Leather armour    |     5 |    19 |     5 ||    29
Dodge: Dodged            |    12 |    56 |    14 ||    82

Table legend:
 A = Spawn XP
 B = Non-spawn XP
 C = Spawn XP percentage of total XP
 D = Spawn monster count
 E = Non-spawn monster count
 F = Spawn count percentage of total count
 G = Total turns spent on level
                    A         B        C        D         E        F      G
               +---------+---------+-------+---------+---------+-------+---------
         Total |       0 |     850 |   0.0 |       0 |     112 |   0.0 |  4161
               +---------+---------+-------+---------+---------+-------+---------
           D:1 |       0 |      48 |   0.0 |       0 |      26 |   0.0 |   966
           D:2 |       0 |      88 |   0.0 |       0 |      17 |   0.0 |  1495
           D:3 |       0 |     322 |   0.0 |       0 |      45 |   0.0 |  1320
           D:4 |       0 |     214 |   0.0 |       0 |       8 |   0.0 |   154
       Ossuary |       0 |     178 |   0.0 |       0 |      16 |   0.0 |   226
               +---------+---------+-------+---------+---------+-------+---------
